 Dungeon Crawl Stone Soup version 0.30.0-3-ga4e48a9924 (webtiles) character file.

Game seed: 16759254107657142654

31 LobsterGuardian the Sneak (level 3, -2/21 HPs)
             Began as a Kobold Brigand on May 8, 2023.
             Slain by Terence
             ... wielding a +2 antimagic hand axe
              (5 damage)
             ... on level 2 of the Dungeon.
             The game lasted 00:02:42 (1227 turns).

LobsterGuardian the Sneak (Kobold Brigand)          Turns: 1227, Time: 00:02:43

Health: -2/21      AC:  4    Str:  8    XL:     3   Next: 40%
Magic:  5/12       EV: 13    Int: 12    God:
Gold:   27         SH:  0    Dex: 18    Spells: 2/2 levels left

rFire   . . .        a - +2 dagger
rCold   . . .        (no shield)
rNeg    . . .        j - +0 leather armour
rPois   .            (no helmet)
rElec   .            c - +0 cloak
rCorr   .            (no gloves)
SInv    .            (no boots)
Will    .....        (no amulet)
Stlth   ++++         i - ring of magical power
HPRegen 0.23/turn    (no ring)
MPRegen 0.13/turn

%: no passive effects
@: no status effects
A: small, no large weapons, nightstalker 3
a: no special abilities


You were on level 2 of the Dungeon.
You visited 1 branch of the dungeon, and saw 2 of its levels.

You collected 27 gold pieces.

Inventory:

Hand Weapons
 a - a +2 dagger (weapon)
Missiles
 d - 7 poisoned darts (quivered)
 e - 3 curare-tipped darts
 l - 3 boomerangs
 m - 3 stones
Armour
 c - a +0 cloak (worn)
 j - a +0 leather armour (worn)
Jewellery
 i - a ring of magical power (left hand)
Scrolls
 g - 2 scrolls of fog {unknown}
 k - a scroll of identify {unknown}
 n - a scroll of teleportation {unknown}
Potions
 b - 2 potions of attraction {unknown}
 f - a potion of brilliance {unknown}
 h - a potion of mutation {unknown}


   Skills:
 - Level 2.1 Fighting
 + Level 3.1 Short Blades
 * Level 2.6 Throwing
 - Level 1.2 Dodging
 + Level 6.3 Stealth


You had 2 spell levels left.
You didn't know any spells.
Your spell library was empty.

Dungeon Overview and Level Annotations

Branches:
Dungeon (2/15)

Altars:

Annotations:
D:2 Terence


Innate Abilities, Weirdness & Mutations

You are small and have problems with some larger weapons.
You are completely attuned to the shadows.


Message History

Terence is nearby!
Found a stone staircase leading down.
You throw a poisoned dart. The poisoned dart hits Terence.
Terence is poisoned.
You throw a poisoned dart. The poisoned dart hits Terence.
Terence looks even sicker.
Terence looks more healthy.
You throw a poisoned dart.
The poisoned dart closely misses Terence.
You throw a poisoned dart. The poisoned dart hits Terence.
Terence is heavily wounded.
Terence barely misses you.
You throw a poisoned dart. The poisoned dart hits Terence.
Terence is poisoned.
Terence is heavily wounded.
Terence completely misses you.
You hit Terence but do no damage.
Terence is severely wounded.
Terence hits you with a +2 antimagic hand axe.
You feel your power leaking away.
You closely miss Terence.
Terence is severely wounded.
Terence hits you with a +2 antimagic hand axe.
You feel your power leaking away.
Throw: 9 darts (poison)
Press: ? - help, Q - select action, (/) - cycle Shift-Dir - straight line, f/p - Terence
Aim: Terence, wielding a +2 antimagic hand axe and wearing a +0 scale mail (severely wounded, poisoned, 66% to hit)
You throw a poisoned dart.
The poisoned dart barely misses Terence.
Throw: 8 darts (poison)
Press: ? - help, Q - select action, (/) - cycle Shift-Dir - straight line, f/p - Terence
Aim: Terence, wielding a +2 antimagic hand axe and wearing a +0 scale mail (severely wounded, poisoned, 66% to hit)
You throw a poisoned dart. The poisoned dart hits Terence.
Terence looks even sicker.
Terence is severely wounded.
Terence asks, "Do you want it fast or slow?"
Terence hits you with a +2 antimagic hand axe.
* * * LOW HITPOINT WARNING * * *
You feel your power leaking away. Terence attacks as you move away!
Terence hits you with a +2 antimagic hand axe.
You die...

#.##..#.....>.(
#.##..######....
#........ ...# ##.
####(.### #.# ..# #
#..# #.# ..#.# #..#
#####.###.#.# #(.#
.....>.....# #@.#
#######...######@.#
###.........#
#.######.## #.# #.#
#.######.####
#............
#.######..... #.#
##.... #.# #.#.


You could see Terence (very poisoned).

Vanquished Creatures
  4 bats (D:1)
  An endoplasm (D:1)
  A giant cockroach (D:1)
  5 goblins
  4 hobgoblins
  4 quokkas (D:1)
  2 ball pythons (D:1)
  3 kobolds (D:1)
  4 rats
28 creatures vanquished.

Notes
Turn   | Place    | Note
-------+----------+-------------------------------------------
     0 | D:1      | LobsterGuardian the Kobold Brigand began the quest for the
                  | Orb.
     0 | D:1      | Reached XP level 1. HP: 12/12 MP: 1/1
    49 | D:1      | Reached XP level 2. HP: 10/17 MP: 2/2
   262 | D:1      | Reached skill level 6 in Stealth
   595 | D:1      | Reached XP level 3. HP: 21/21 MP: 3/3
  1201 | D:2      | Noticed Terence
  1227 | D:2      | Slain by Terence

Illustrated notes

Levels and vault maps discovered:
D:1:      lemuel_arrival_behind_the_door_small, layout_loops_ring,
          kennysheep_nondescript
D:2:      layout_loops_ring, serial_shops, nicolae_shop_bloodbath_and_beyond,
          uniq_terence

Skill      XL: |  1  2 |
---------------+-------+-----
Stealth        | 6 |  6.3
Short Blades   | 3 |  3.1
Fighting       | |  2.1
Throwing       | |  2.6
Dodging        | |  1.2

Action                     || total
---------------------------++-------
  Melee: Dagger            ||    56
  Throw: Dart              ||    19
   Stab: Sleeping          ||    16
 Armour: Robe              ||     6
         Leather armour    ||     9
  Dodge: Dodged            ||    38
